 Dungeon Crawl Stone Soup version 0.27-a0-1312-g5cdb2b3542 (webtiles) character file.

Game seed: 3239561315038062982

443 freelancePsychic the Skirmisher (level 6, -9/51 HPs)
             Began as a Demonspawn Artificer on June 19, 2021.
             Was an Initiate of Hepliaklqana.
             Mangled by an ice beast (13 damage)
             ... on level 5 of the Dungeon.
             The game lasted 00:14:01 (6762 turns).

freelancePsychic the Skirmisher (DsAr)              Turns: 6762, Time: 00:14:02

Health: -9/51      AC:  7    Str: 15    XL:     6   Next: 71%
Magic:  6/6        EV:  9    Int: 12    God:    Hepliaklqana [......]
Gold:   163        SH:  0    Dex: 13    Spells: 5/5 levels left

rFire    . . .     SeeInvis .   q - +0 glaive
rCold    . . .     Faith    .   (shield currently unavailable)
rNeg     . . .     Spirit   .   r - +0 scale mail
rPois    .         Reflect  .   (no helmet)
rElec    .         Harm     .   x - +0 cloak
rCorr    .         Rampage  .   (no gloves)
Will     .....                  (no boots)
Stlth    ..........             (no amulet)
HPRegen  0.17/turn              (no ring)
MPRegen  0.20/turn              (no ring)

@: no status effects
A: talons 2, foul stench 1, magic regeneration
a: Renounce Religion


You were on level 5 of the Dungeon.
You worshipped Hepliaklqana.
Hepliaklqana was noncommittal.
You visited 2 branches of the dungeon, and saw 6 of its levels.
You also visited: Sewer.

You collected 163 gold pieces.

Inventory:

Hand Weapons
 a - a +0 club
 h - a +0 whip
 j - a +0 spear of freezing
 q - a +0 glaive (weapon)
Missiles
 f - 64 arrows
Armour
 b - a +0 leather armour
 g - a +0 ring mail
 r - a +0 scale mail (worn)
 x - a +0 cloak (worn)
 y - a +0 plate armour
Jewellery
 o - a ring of protection from cold
 t - a ring of fire
Wands
 d - a wand of charming (10) (quivered)
Scrolls
 i - 5 scrolls of fog
 k - a scroll of enchant armour
 m - 2 scrolls of teleportation {@r4}
 v - a scroll of magic mapping
Potions
 c - 2 potions of haste {unknown}
 l - a potion of berserk rage {unknown}
 n - 2 potions of might {unknown}
 p - 3 potions of magic {unknown}
 s - 3 potions of brilliance
 u - a potion of flight {unknown}
 w - a potion of heal wounds {@q2}
 z - a potion of lignification {unknown}
Miscellaneous
 e - a piece from Xom's chessboard (15/15)


   Skills:
 - Level 5.2 Fighting
 * Level 4.0 Polearms
 - Level 1.7 Armour
 - Level 0.8 Dodging
 - Level 0.8 Stealth
 - Level 3.0 Evocations


You had 5 spell levels left.
You didn't know any spells.
Your spell library was empty.

Dungeon Overview and Level Annotations

Branches:
Dungeon (5/15)             Temple (1/1) D:4           Sewer (visited)

Altars:
Ashenzari
Hepliaklqana
Makhleb
Okawaru
Ru
Vehumet
Wu Jian
Xom
Zin

Annotations:
D:1 Natasha


Innate Abilities, Weirdness & Mutations

You have razor-sharp toenails.
You may rarely emit foul miasma when damaged in melee.
You regenerate magic rapidly.


Message History

The ice beast freezes you!
You are too injured to fight recklessly!
You are too injured to fight recklessly!
You are too injured to fight recklessly!
You are too injured to fight recklessly!
You are too injured to fight recklessly!
You are too injured to fight recklessly!
You are too injured to fight recklessly!
You are too injured to fight recklessly!
You are too injured to fight recklessly!
You are too injured to fight recklessly!
You are too injured to fight recklessly!
You are too injured to fight recklessly!
You closely miss the ice beast.
The ice beast is lightly wounded.
The ice beast closely misses you.
You barely miss the ice beast. You claw the ice beast.
The ice beast is moderately wounded.
The ice beast hits you. The ice beast freezes you.
* * * LOW HITPOINT WARNING * * *
The ice beast hits you but does no damage.
You completely miss the ice beast.
The ice beast is moderately wounded.
The ice beast hits you.
* * * LOW HITPOINT WARNING * * *
The ice beast freezes you!
* * * LOW HITPOINT WARNING * * *
You emit a cloud of foul miasma!
You completely miss the ice beast. Your kick misses the ice beast.
The ice beast is moderately wounded.
The ice beast is engulfed in dark miasma.
The ice beast closely misses you.
The ice beast is engulfed in dark miasma.
The ice beast barely misses you.
The ice beast is engulfed in dark miasma.
The ice beast is poisoned.
The ice beast seems to slow down.
The ice beast hits you.
* * * LOW HITPOINT WARNING * * *
The ice beast freezes you!
You die...

#.<......#
#..###.#..
#....#
#.##.#
####.##.#
#....##.#
#.##.##.#
#.#####.#
#..@Y...#
#####.....#
...#..#
Y..## ....
##..# .##
##.. # #..
...


You could see an ice beast (poisoned, slow).

Vanquished Creatures
  2 bullfrogs (Sewer)
  A howler monkey zombie (D:3)
  2 gnolls (D:2)
  12 adders
  6 river rats
  2 worms
  A dart slug (D:3)
  3 orcs
  2 endoplasms
  3 giant cockroaches
  3 goblins
  6 hobgoblins
  11 jackals
  2 quokkas
  20 ball pythons
  4 bats
  3 frilled lizards
  4 kobolds
  28 rats
115 creatures vanquished.

Vanquished Creatures (collateral kills)
  An orc wizard (D:4)
  A gnoll (D:2)
  2 orcs (D:4)
  A bat (D:2)
5 creatures vanquished.

Vanquished Creatures (others)
  A gnoll (D:2)
1 creature vanquished.

Grand Total: 121 creatures vanquished

Notes
Turn   | Place    | Note
-------+----------+-------------------------------------------
     0 | D:1      | freelancePsychic the Demonspawn Artificer began the quest
                  | for the Orb.
     0 | D:1      | Reached XP level 1. HP: 15/15 MP: 1/1
   470 | D:1      | Reached skill level 2 in Fighting
   558 | D:1      | Gained mutation: You may rarely emit foul miasma when
                  | damaged in melee. [demonic ancestry]
   558 | D:1      | Reached XP level 2. HP: 22/22 MP: 2/2
   887 | D:2      | Gained mutation: You regenerate magic rapidly. [demonic
                  | ancestry]
   887 | D:2      | Reached XP level 3. HP: 27/28 MP: 3/3
   896 | D:2      | Reached skill level 1 in Polearms
  1023 | D:2      | Reached skill level 3 in Fighting
  1166 | D:2      | Noticed Natasha
  1657 | D:2      | Noticed Terence
  1669 | D:2      | Noticed Terence
  1669 | D:2      | Terence changed into Terence the ball python
  1672 | D:2      | Killed Terence the ball python
  1732 | D:2      | Reached XP level 4. HP: 16/35 MP: 4/4
  2697 | D:3      | Found a glowing drain.
  2844 | Sewer    | Entered a sewer
  3361 | Sewer    | Gained mutation: You have sharp toenails. [demonic
                  | ancestry]
  3361 | Sewer    | Reached XP level 5. HP: 28/42 MP: 5/5
  3749 | Sewer    | Reached skill level 4 in Fighting
  4123 | Sewer    | Gained mutation: You have razor-sharp toenails. [demonic
                  | ancestry]
  4123 | Sewer    | Reached XP level 6. HP: 20/49 MP: 6/6
  4777 | D:3      | Reached skill level 5 in Fighting
  5476 | D:3      | Found a faded altar of an unknown god.
  5527 | D:4      | Found a staircase to the Ecumenical Temple.
  5539 | Temple   | Entered the Ecumenical Temple
  5584 | Temple   | Became a worshipper of Hepliaklqana the Forgotten
  5936 | D:4      | Noticed an orc warrior
  6456 | D:4      | an orc warrior changed into a tengu
  6457 | D:4      | Noticed a golden eye
  6457 | D:4      | a tengu changed into a golden eye
  6673 | D:5      | Entered Level 5 of the Dungeon
  6753 | D:5      | Noticed an ice beast
  6762 | D:5      | Mangled by an ice beast

Illustrated notes

Levels and vault maps discovered:
D:1:      lightli_arrival_lavapool, layout_loops_ring
D:2:      layout_basic, uniq_natasha, uniq_terence
D:3:      layout_loops_corners, portal_sewer_entry_e,
          chequers_ecumenical_altar_lobes, chequers_serial_rivers_small_a,
          kennysheep_decorative_pillar
D:4:      layout_loops_ring, minmay_temple_entry_large_hall, serial_bayou_ford_a
D:5:      lemuel_ice_spiral_2, layout_basic, nicolae_dithmenos_shadow_blocks,
          grunt_ministairs_8, uniq_blork_the_orc, uniq_menkaure
Temple:   jpeg_temple_island

Skill      XL: |  1  2  3  4  5  6 |
---------------+-------------------+-----
Fighting       | 2 3 4 5 |  5.2
Polearms       | 1 2 3 4 |  4.0
Armour         | |  1.7
Dodging        | |  0.8
Stealth        | |  0.8
Evocations     | |  3.0

Action                   |  1- 3 |  4- 6 || total
-------------------------+-------+-------++-------
Melee: Whip              |    18 |       ||    18
       Spear             |   129 |   326 ||   455
       Club              |     1 |       ||     1
       Kick              |       |    32 ||    32
       Glaive            |       |     6 ||     6
Evoke: Wand              |    17 |    12 ||    29
  Use: Scroll            |       |    10 ||    10
       Potion            |       |     3 ||     3
Armor: Ring mail         |    69 |       ||    69
       Scale mail        |     2 |   180 ||   182
Dodge: Dodged            |    97 |   194 ||   291

Table legend: (Time is in decaauts)
 A = Elapsed time spent in this place.
 B = Non-inter-level travel time spent in this place.
 C = Inter-level travel time spent in this place.
 D = Time resting spent in this place.
 E = Time spent auto-exploring this place.
 F = Levels seen in this place.
 G = Mean time per level.
                   A        B        C        D        E       F      G
               +--------+--------+--------+--------+--------+-----+--------+
         Total |   6891 |   6791 |    100 |   1268 |   4329 |   7 |  984.4 |
       Dungeon |   4893 |   4803 |     90 |    691 |   3210 |   5 |  978.6 |
        Temple |    243 |    234 |      9 |      0 |    219 |   1 |  243.0 |
         Sewer |   1754 |   1754 |      0 |    577 |    900 |   1 | 1754.0 |
               +--------+--------+--------+--------+--------+-----+--------+

Top non-repeatable levels by time:
   Sewer: 1754 daAuts
     D:3: 1593 daAuts
     D:2: 1485 daAuts
     D:1: 1024 daAuts
     D:4: 699 daAuts
  Temple: 243 daAuts
     D:5: 91 daAuts
